[Event "*** Titled Tuesday Blitz"]
[Site "Chess.com"]
[Date "2020.05.05"]
[Round "2"]
[White "MITerryble"]
[Black "RAU4ever"]
[Result "1-0"]
[WhiteElo "2826"]
[BlackElo "2341"]
[TimeControl "180+1"]
[EndTime "10:13:24 PDT"]
[Termination "MITerryble won by resignation"]

1. e4 c5 2. Nf3 d6 3. Bb5+ Bd7 4.
Bxd7+ Qxd7 5. O-O Nc6 6. c3 Nf6 7. d4 cxd4 8. cxd4 d5 9. e5 Ne4 10. Ne1 f6 11. Nd3 e6 12. Be3 Qf7 13. f3 Ng5 14. h4 1-0

[Event "*** Titled Tuesday Blitz"]
[Site "Chess.com"]
[Date "2020.05.05"]
[Round "2"]
[White "Khamrakulov_Djurabek"]
[Black "Caisachess"]
[Result "1-0"]
[WhiteElo "2812"]
[BlackElo "2338"]
[TimeControl "180+1"]
[EndTime "10:13:24 PDT"]
[Termination "Khamrakulov_Djurabek won by resignation"]

1. e4 e5 2. Nf3 Nc6 3. d4 exd4 4. Nxd4 Bb4+ 5. c3 Bc5 6. Be3 Bb6 7. g3 Nf6 8. Bg2 O-O 9. O-O d5 10. Nxc6 bxc6 11.
Bxb6 axb6 12. Nd2 Re8 13. Re1 dxe4 14. Nxe4 Nxe4 15. Bxe4 Qxd1 16. Raxd1 Rxa2 17. Bb1 1-0

[Event "*** Titled Tuesday Blitz"]
[Site "Chess.com"]
[Date "2020.05.05"]
[Round "2"]
[White "allvim"]
[Black "Durarbayli"]
[Result "0-1"]
[WhiteElo "2337"]
[BlackElo "2800"]
[TimeControl "180+1"]
[EndTime "10:13:49 PDT"]
[Termination "Durarbayli won by resignation"]

1. e4 c5 2. Nf3 d6 3. d4 cxd4 4. Nxd4 Nf6 5. Nc3 Nc6 6. Be3 Ng4 7. Bg5 Qb6 8. Nd5 Qxd4 9. Qxd4 Nxd4 10. Nc7+ Kd8 11.
Nxa8 Nxc2+ 12. Kd2 Nxa1 13. Be2 Nxf2 14. Rxa1 Nxe4+ 15.
Ke3 Nxg5 16. Rc1 Ne6 17. Bg4 g6 0-1

[Event "*** Titled Tuesday Blitz"]
[Site "Chess.com"]
[Date "2020.05.05"]
[Round "2"]
[White "chiwii"]
[Black "Tejas_Rama"]
[Result "1/2-1/2"]
[WhiteElo "2258"]
[BlackElo "2464"]
[TimeControl "180+1"]
[EndTime "10:13:50 PDT"]
[Termination "Game drawn by repetition"]

1. e4 c5 2. Nf3 d6 3. d4 cxd4 4. Nxd4 Nf6 5. Nc3 a6 6. Be2 e5 7. Nf3 Be7 8. Bg5 O-O 9. Bxf6 Bxf6 10. O-O Be6 11. Nd5 Nd7 12. Bc4 b5 13. Bb3 Rc8 14.
c3 Nc5 15. Bc2 g6 16. Nxf6+ Qxf6 17. Qxd6 Rfd8 18. Qxe5 Qxe5 19. Nxe5 Rd2 20. Rac1 Bxa2 21. Nf3 Re2 22. Nd4 Rd2 23. Nf3 Re2 24. Nd4 Rd2 25. Nf3 1/2-1/2

[Event "*** Titled Tuesday Blitz"]
[Site "Chess.com"]
[Date "2020.05.05"]
[Round "2"]
[White "narutosmith"]
[Black "doons21"]
[Result "0-1"]
[WhiteElo "2268"]
[BlackElo "2617"]
[TimeControl "180+1"]
[EndTime "10:13:53 PDT"]
[Termination "doons21 won by resignation"]

1. c4 Nf6 2. Nc3 g6 3. g3 Bg7 4.
Bg2 O-O 5. Rb1 a5 6. a3 c6 7. b4 axb4 8. axb4 d5 9. d3 Bf5 10. cxd5 cxd5 11. Qb3 d4 12. Bxb7 Ra7 0-1

[Event "*** Titled Tuesday Blitz"]
[Site "Chess.com"]
[Date "2020.05.05"]
[Round "2"]
[White "thedjoker98"]
[Black "HarutyunianTigranK"]
[Result "0-1"]
[WhiteElo "2483"]
[BlackElo "2708"]
[TimeControl "180+1"]
[EndTime "10:13:55 PDT"]
[Termination "HarutyunianTigranK won by resignation"]

1. d4 Nf6 2. c4 e6 3. Nc3 Bb4 4. g3 Bxc3+ 5. bxc3 O-O 6. Bg2 d6 7. e4 c5 8. Ne2 Nc6 9. O-O e5 10. Ba3 b6 11. f4 Bg4 12. fxe5 dxe5 13. d5 Na5 14. Qd3 Qd7 15. Bc1 Qa4 16. Rxf6 gxf6 17. h3 Bh5 18. Bh6 Qxc4 0-1

[Event "*** Titled Tuesday Blitz"]
[Site "Chess.com"]
[Date "2020.05.05"]
[Round "2"]
[White "SantoBlue"]
[Black "fancyknightmaneuvers"]
[Result "1-0"]
[WhiteElo "2876"]
[BlackElo "2562"]
[TimeControl "180+1"]
[EndTime "10:14:02 PDT"]
[Termination "SantoBlue won by resignation"]

1. e4 c5 2. Nf3 e6 3. d4 cxd4 4. Nxd4 Nc6 5. Nc3 Qc7 6. g3 a6 7.
Bg2 h5 8. O-O h4 9. Re1 hxg3 10.
hxg3 Nf6 11. Bf4 e5 12. Nd5 Qd8 13. Nxc6 bxc6 14. Bxe5 d6 15. Nxf6+ gxf6 16. Bc3 Bb7 17. Qf3 Be7 18. Rad1 Qb6 19. Bxf6 1-0

[Event "*** Titled Tuesday Blitz"]
[Site "Chess.com"]
[Date "2020.05.05"]
[Round "2"]
[White "LogoCzar"]
[Black "reniite"]
[Result "1-0"]
[WhiteElo "2354"]
[BlackElo "1951"]
[TimeControl "180+1"]
[EndTime "10:14:05 PDT"]
[Termination "LogoCzar won by resignation"]

1. e4 e5 2. Nf3 Nf6 3. Nxe5 d6 4.
Nf3 Nxe4 5. d4 d5 6. Bd3 Bd6 7. O-O O-O 8. Nbd2 Bf5 9. Re1 Re8 10. h3 Bg6 11. Nf1 Nc6 12. c3 f5 13. Qb3 Kh8 14.
Qxb7 Qd7 15. Bb5 Nxf2 16. Qxc6 Nxh3+ 17. gxh3 Qxc6 18. Bxc6 Rxe1 19. Nxe1 Rb8 20. Bxd5 1-0

[Event "*** Titled Tuesday Blitz"]
[Site "Chess.com"]
[Date "2020.05.05"]
[Round "2"]
[White "neurisdr"]
[Black "Flawless_Fighter"]
[Result "1-0"]
[WhiteElo "2798"]
[BlackElo "2528"]
[TimeControl "180+1"]
[EndTime "10:14:06 PDT"]
[Termination "neurisdr won by resignation"]

1. e4 e6 2. d4 d5 3. Nc3 Nf6 4.
e5 Nfd7 5. Nce2 c5 6. c3 Nc6 7. Nf3 Be7 8. h4 h6 9. Nf4 b6 10. Bd3 a5 11. Nh5 O-O 12. Rh3 Kh8 13. Bxh6 Rg8 14.
Qd2 Nf8 15. Bxg7+ Rxg7 16. Qh6+ Rh7 17. Bxh7 1-0

[Event "*** Titled Tuesday Blitz"]
[Site "Chess.com"]
[Date "2020.05.05"]
[Round "2"]
[White "alexsergeyev"]
[Black "Konovalova_Vera"]
[Result "1-0"]
[WhiteElo "2385"]
[BlackElo "2095"]
[TimeControl "180+1"]
[EndTime "10:14:15 PDT"]
[Termination "alexsergeyev won by resignation"]

1. e4 c6 2. d4 d5 3. exd5 cxd5 4. c4 Nf6 5. Nc3 Nc6 6. Bg5 e6 7. Nf3 Be7 8. Rc1 dxc4 9. Bxc4 O-O 10. O-O b6 11. d5 exd5 12. Nxd5 Nxd5 13. Qxd5 Bb7 14. Rfe1 Bxg5 15. Nxg5 Na5 16. Qf5 g6 17. Bxf7+ Kg7 18. Ne6+ 1-0

[Event "*** Titled Tuesday Blitz"]
[Site "Chess.com"]
[Date "2020.05.05"]
[Round "2"]
[White "Sam_ChessMood"]
[Black "Gurvich_Vitaly"]
[Result "1-0"]
[WhiteElo "2866"]
[BlackElo "2558"]
[TimeControl "180+1"]
[EndTime "10:14:20 PDT"]
[Termination "Sam_ChessMood won by resignation"]

1. e4 c6 2. Nf3 d5 3. d3 dxe4 4. dxe4 Qxd1+ 5. Kxd1 Bg4 6. Be2 Bxf3 7. Bxf3 Nd7 8. c3 Ngf6 9. Kc2 Ne5 10. a4 Nxf3 11. gxf3 a5 12. Nd2 e6 13. Nc4 Nd7 14. Rd1 f6 15.
Rxd7 Kxd7 16. Nb6+ Kd8 17. Nxa8 Bc5 18. Be3 Bxe3 19.
fxe3 Ke7 20. Nb6 1-0

[Event "*** Titled Tuesday Blitz"]
[Site "Chess.com"]
[Date "2020.05.05"]
[Round "2"]
[White "Jadeit90"]
[Black "KuzubovYuriy"]
[Result "0-1"]
[WhiteElo "2407"]
[BlackElo "2763"]
[TimeControl "180+1"]
[EndTime "10:14:22 PDT"]
[Termination "KuzubovYuriy won by resignation"]

1. g3 d5 2. Bg2 Nf6 3. c4 e6 4.
cxd5 exd5 5. Nf3 Bg4 6. O-O c6 7. d4 Bd6 8. Nc3 Nbd7 9. Bf4 Bxf4 10. gxf4 Qe7 11. Ne5 Bf5 12. e3 Nb6 13. Na4 Nxa4 14. Qxa4 O-O 15. b4 Ne4 16. Qd1 f6 17. Nd3 Kh8 18.
Nc5 Rg8 19. Nxe4 dxe4 20. Qh5 g6 21. Qh4 g5 22. fxg5 Rxg5 23. Kh1 Rag8 24. Rg1 Qg7 0-1

[Event "*** Titled Tuesday Blitz"]
[Site "Chess.com"]
[Date "2020.05.05"]
[Round "2"]
[White "artooon"]
[Black "Opening_Prep"]
[Result "1-0"]
[WhiteElo "2628"]
[BlackElo "2319"]
[TimeControl "180+1"]
[EndTime "10:14:29 PDT"]
[Termination "artooon won by resignation"]

1. e4 c5 2. Nf3 Nc6 3. d4 cxd4 4. Nxd4 Nf6 5. Nc3 d6 6. Bg5 e6 7. f4 Be7 8. Nxc6 bxc6 9. e5 Nd5 10. Bxe7 Qxe7 11. Qd4 O-O 12. O-O-O dxe5 13. fxe5 c5 14. Qd2 Nxc3 15. Qxc3 Bb7 16. Qg3 Rfd8 17. Bd3 h6 18.
Rhf1 Qg5+ 19. Qxg5 hxg5 20. Rf2 Rd7 21. Bh7+ Kxh7 22.
Rxd7 1-0

[Event "*** Titled Tuesday Blitz"]
[Site "Chess.com"]
[Date "2020.05.05"]
[Round "2"]
[White "viktorskliarov"]
[Black "LivajaM"]
[Result "1-0"]
[WhiteElo "2577"]
[BlackElo "2270"]
[TimeControl "180+1"]
[EndTime "10:14:29 PDT"]
[Termination "viktorskliarov won by resignation"]

1. e4 c5 2. Nf3 Nc6 3. Bb5 d6 4. d4 cxd4 5. Qxd4 Bd7 6. Bxc6 Bxc6 7. Nc3 Nf6 8. Bg5 e5 9. Qd3 Be7 10. O-O-O Qa5 11. Bxf6 gxf6 12. Nh4 O-O-O 13. Nf5 Bf8 14. Kb1 Rg8 15. g3 Rg4 16. f3 Rg8 17. Qc4 Rd7 18.
Nd5 Rg6 19. h4 Kd8 20. h5 Rg5 21. Nxf6 Rxf5 22. Nxd7 1-0

[Event "*** Titled Tuesday Blitz"]
[Site "Chess.com"]
[Date "2020.05.05"]
[Round "2"]
[White "mbachez"]
[Black "violetflower04"]
[Result "1-0"]
[WhiteElo "2441"]
[BlackElo "2201"]
[TimeControl "180+1"]
[EndTime "10:14:36 PDT"]
[Termination "mbachez won by resignation"]

1. e4 c5 2. Nf3 e6 3. g3 Nf6 4. e5 Nd5 5. Bg2 d6 6. exd6 Bxd6 7. O-O O-O 8. Na3 Nb6 9. d3 Nc6 10. Nb5 Be7 11. Bf4 Bd7 12. a4 a6 13. Bc7 Qc8 14.
Bxb6 axb5 15. axb5 Rxa1 16. Qxa1 Nb4 17. c4 Nxd3 18.
Rd1 Nb4 19. Ne5 Be8 20. Qa7 Bxb5 21. cxb5 Bf6 1-0

[Event "*** Titled Tuesday Blitz"]
[Site "Chess.com"]
[Date "2020.05.05"]
[Round "2"]
[White "Charlottemillard17"]
[Black "mamey78"]
[Result "1-0"]
[WhiteElo "1428"]
[BlackElo "2330"]
[TimeControl "180+1"]
[EndTime "10:14:38 PDT"]
[Termination "Charlottemillard17 won by resignation"]

1. e4 e5 2. Nf3 Nc6 3. Bc4 Nf6 4. d3 Be7 5. Nc3 O-O 6. O-O d6 7. h3 Be6 8. Bb3 Kh8 9. Nh2 d5 10. Qe1 a5 11. f4 exf4 12. Bxf4 dxe4 13. dxe4 Bc5+ 14.
Kh1 Nh5 15. Rd1 Qh4 16. Qxh4 1-0

[Event "*** Titled Tuesday Blitz"]
[Site "Chess.com"]
[Date "2020.05.05"]
[Round "2"]
[White "GracefulYear"]
[Black "mirochka"]
[Result "1-0"]
[WhiteElo "2429"]
[BlackElo "2183"]
[TimeControl "180+1"]
[EndTime "10:14:45 PDT"]
[Termination "GracefulYear won by resignation"]

1. b3 d5 2. Bb2 Nf6 3. g3 Bg4 4. Bg2 e6 5. h3 Bh5 6. g4 Bg6 7.
e3 h5 8. g5 Nfd7 9. h4 f6 10.
Nh3 Nc6 11. d3 Nce5 12. Nd2 Ng4 13. Qe2 Bc5 14. O-O-O Qe7 15. Kb1 O-O-O 16. d4 Ba3 17. f3 Bxb2 18. Kxb2 fxg5 19. hxg5 e5 20. fxg4 hxg4 21.
Qxg4 e4 22. Nf4 1-0

[Event "*** Titled Tuesday Blitz"]
[Site "Chess.com"]
[Date "2020.05.05"]
[Round "2"]
[White "pma83"]
[Black "dianosky"]
[Result "0-1"]
[WhiteElo "2145"]
[BlackElo "2407"]
[TimeControl "180+1"]
[EndTime "10:14:48 PDT"]
[Termination "dianosky won by resignation"]

1. d4 d5 2. c4 dxc4 3. e4 a6 4.
Bxc4 b5 5. Bb3 Bb7 6. f3 e6 7. Be3 Nd7 8. Ne2 c5 9. dxc5 Bxc5 10. Bxc5 Nxc5 11. O-O Qb6 12. Kh1 Rd8 13. Qc1 Nd3 14. Qg5 Nf6 15. Qxg7 Ke7 16. g3 Qe3 17. Nbc3 Rdg8 0-1

[Event "*** Titled Tuesday Blitz"]
[Site "Chess.com"]
[Date "2020.05.05"]
[Round "2"]
[White "MikhailovViacheslav"]
[Black "HansCoolNiemann"]
[Result "1-0"]
[WhiteElo "2570"]
[BlackElo "2825"]
[TimeControl "180+1"]
[EndTime "10:14:54 PDT"]
[Termination "MikhailovViacheslav won by resignation"]

1. Nf3 d5 2. g3 Bg4 3. Bg2 c6 4.
O-O Nd7 5. d4 Ngf6 6. c4 e6 7. Nc3 Bd6 8. Qb3 Qc8 9. Bg5 O-O 10.
Rac1 h6 11. Bxf6 Nxf6 12. Ne5 dxc4 13. Nxc4 Be7 14. e4 Rd8 15. Ne3 Rxd4 16. e5 Nh7 17. Nxg4 Rxg4 18. f4 h5 19. Be4 h4 20. Kg2 f5 21. Bxf5 1-0

[Event "*** Titled Tuesday Blitz"]
[Site "Chess.com"]
[Date "2020.05.05"]
[Round "2"]
[White "Irina_Barchuk"]
[Black "Everyfishknows"]
[Result "1-0"]
[WhiteElo "2197"]
[BlackElo "2405"]
[TimeControl "180+1"]
[EndTime "10:14:57 PDT"]
[Termination "Irina_Barchuk won by resignation"]

1. e4 e5 2. Nf3 Nc6 3. d4 exd4 4. Bc4 Nf6 5. e5 d5 6. Bb5 Ne4 7. Nxd4 Bd7 8. Bxc6 bxc6 9. O-O Bc5 10. f3 Ng5 11.
Be3 Bb6 12. f4 Ne4 13. Nd2 Nxd2 14. Qxd2 c5 15. Nb3 d4 16. Bf2 Bc6 17. c4 Qd7 18.
Bh4 Qg4 19. Qf2 Bxg2 20. Qxg2 Qxh4 21. Qxa8+ Ke7 22. Qxh8 Qg4+ 23. Kh1 d3 24. Qa8 1-0

[Event "*** Titled Tuesday Blitz"]
[Site "Chess.com"]
[Date "2020.05.05"]
[Round "2"]
[White "m_ezat"]
[Black "Eloist"]
[Result "1-0"]
[WhiteElo "2470"]
[BlackElo "2242"]
[TimeControl "180+1"]
[EndTime "10:15:00 PDT"]
[Termination "m_ezat won by checkmate"]

1. d4 e6 2. c4 Nf6 3. Nc3 Bb4 4. e3 O-O 5. a3 Bxc3+ 6. bxc3 c5 7. Bd3 Nc6 8. Ne2 d6 9. O-O e5 10. f3 Re8 11. e4 h6 12. Qc2 b6 13. f4 exd4 14. cxd4 Nxd4 15. Nxd4 cxd4 16. Bb2 Bb7 17. Rae1 Nd7 18.
Bxd4 Nc5 19. Qb2 Nxd3 20. Qc3 Nxe1 21. Bxg7 Rxe4 22. Bf6 Qd7 23. Qg3+ Kf8 24. Qg7+ Ke8 25. Qg8# 1-0

[Event "*** Titled Tuesday Blitz"]
[Site "Chess.com"]
[Date "2020.05.05"]
[Round "2"]
[White "Juanovic"]
[Black "eightbyeightchess"]
[Result "0-1"]
[WhiteElo "2163"]
[BlackElo "2411"]
[TimeControl "180+1"]
[EndTime "10:15:03 PDT"]
[Termination "eightbyeightchess won by resignation"]

1. e4 e6 2. d4 d5 3. e5 c5 4. c3 Qb6 5. a3 Bd7 6. Nf3 cxd4 7. cxd4 Bb5 8. Bxb5+ Qxb5 9. Nc3 Qa6 10. Qe2 Qxe2+ 11. Nxe2 Nc6 12. b4 a6 13. Be3 Nge7 14. O-O Nf5 15.
Rfc1 h5 16. h4 Be7 17. Rc3 Nxh4 18. Nxh4 Bxh4 19. Rac1 O-O 20. Nf4 g6 21. Nd3 Be7 22. Nc5 Bxc5 23. Rxc5 Rac8 24. Kf1 Na7 25. Ke2 Rxc5 26.
Rxc5 Rc8 27. Rxc8+ Nxc8 28. a4 Nb6 29. a5 Nc4 30. Bg5 Kf8 31. Kd3 Ke8 32. Kc2 Kd7 33. Kb3 Kc6 34. g3 b6 35. Ka4 bxa5 36. bxa5 Nb2+ 37. Kb3 Nd3 38. Be3 Kb5 39. Bd2 Nxf2 0-1

[Event "*** Titled Tuesday Blitz"]
[Site "Chess.com"]
[Date "2020.05.05"]
[Round "2"]
[White "Perimir"]
[Black "Ariadna_Atreides"]
[Result "1-0"]
[WhiteElo "2359"]
[BlackElo "1989"]
[TimeControl "180+1"]
[EndTime "10:15:03 PDT"]
[Termination "Perimir won by resignation"]

1. e4 c5 2. Nc3 Nc6 3. g3 g6 4.
Bg2 Bg7 5. d3 e6 6. Be3 d6 7.
Qd2 Nge7 8. Bh6 Bf6 9. h4 Qc7 10. Nh3 Nd4 11. O-O Bd7 12. Ng5 Nec6 13. f4 e5 14. Nd5 Qd8 15. fxe5 Bxg5 16. Bxg5 Qc7 17.
Nxc7+ 1-0

[Event "*** Titled Tuesday Blitz"]
[Site "Chess.com"]
[Date "2020.05.05"]
[Round "2"]
[White "CookiesAndIceCream"]
[Black "asimali1977"]
[Result "1-0"]
[WhiteElo "2357"]
[BlackElo "1956"]
[TimeControl "180+1"]
[EndTime "10:15:04 PDT"]
[Termination "CookiesAndIceCream won by resignation"]

1. e4 d6 2. d4 c6 3. Nf3 Bg4 4. Nc3 Nd7 5. Be2 e5 6. O-O Be7 7. Be3 Ngf6 8. h3 Bh5 9. Nh4 Bxe2 10. Qxe2 Nxe4 11. Nxe4 Bxh4 12. Nxd6+ Kf8 13. dxe5 Nxe5 14.
Bc5 b6 15. Nb7+ bxc5 16. Nxd8 Rxd8 17. Qxe5 Rd5 18. Qb8+ Rd8 19. Qxa7 g6 20. Qxc5+ Kg7 21. Rad1 Rc8 22. Rd7 1-0

[Event "*** Titled Tuesday Blitz"]
[Site "Chess.com"]
[Date "2020.05.05"]
[Round "2"]
[White "Duhless"]
[Black "saikrishnaReturns"]
[Result "1-0"]
[WhiteElo "3082"]
[BlackElo "2592"]
[TimeControl "180+1"]
[EndTime "10:15:06 PDT"]
[Termination "Duhless won by resignation"]

1. d4 Nf6 2. Nf3 g6 3. c4 Bg7 4. g3 d6 5. Bg2 O-O 6. Nc3 Nc6 7. O-O a6 8. d5 Na5 9. b3 Nxd5 10.
Nxd5 Bxa1 11. Bd2 Bg7 12. Bxa5 b6 13. Bc3 e5 14. Nd2 Bb7 15. Ne7+ Qxe7 16. Bxb7 Ra7 17.
Bc6 f5 18. e3 e4 19. Nb1 h5 20. h4 Bxc3 21. Nxc3 Qe5 22. Nd5 b5 23. cxb5 axb5 24. a4 bxa4 25. bxa4 Ra5 26. Nxc7 Rc8 27. Qb3+ Kh8 28.
Ne6 Rxc6 29. Qb8+ Kh7 30. Ng5+ Kh6 31. Nf7+ Kg7 32. Nxe5 1-0

[Event "*** Titled Tuesday Blitz"]
[Site "Chess.com"]
[Date "2020.05.05"]
[Round "2"]
[White "GiorgianBarbosa"]
[Black "Dii210"]
[Result "1-0"]
[WhiteElo "2363"]
[BlackElo "2026"]
[TimeControl "180+1"]
[EndTime "10:15:06 PDT"]
[Termination "GiorgianBarbosa won by resignation"]

1. c4 Nf6 2. g3 g6 3. Bg2 Bg7 4. Nc3 O-O 5. e4 d6 6. Nge2 Nc6 7. O-O e5 8. d4 exd4 9. Nxd4 Nxd4 10. Qxd4 Re8 11.
Qd2 Be6 12. b3 Ng4 13. Bb2 a6 14. h3 Nf6 15. Nd5 Bxd5 16. exd5 Ne4 17. Bxe4 Bxb2 18. Qxb2 Rxe4 19. Rae1 Qe7 20. Rxe4 Qxe4 21. Qd2 Re8 22. Rd1 Qe2 23. Kg2 Qxd2 24. Rxd2 Re1 25. h4 Kg7 26. Kf3 h5 27. Re2 Rxe2 28. Kxe2 Kf6 29. Ke3 Ke5 30. b4 c6 31. dxc6 bxc6 32. a4 d5 33. b5 axb5 34. cxb5 Kd6 35. bxc6 Kxc6 36. Kd4 f6 37. f4 Kd6 38. a5 Kc6 39. a6 1-0

[Event "*** Titled Tuesday Blitz"]
[Site "Chess.com"]
[Date "2020.05.05"]
[Round "2"]
[White "CalinGheorghiu"]
[Black "Mazanchenko_Dmitry"]
[Result "1-0"]
[WhiteElo "2393"]
[BlackElo "2133"]
[TimeControl "180+1"]
[EndTime "10:15:07 PDT"]
[Termination "CalinGheorghiu won by resignation"]

1. e4 c5 2. Nf3 d6 3. Bb5+ Bd7 4. Bxd7+ Qxd7 5. O-O Nf6 6. Re1 e6 7. d4 cxd4 8. Nxd4 Nc6 9. c4 Be7 10. Nc3 O-O 11. b3 a6 12. Bb2 Qc7 13. Rc1 Rac8 14. Nd5 exd5 15. cxd5 Qb6 16. dxc6 bxc6 17. Nf5 Bd8 18.
Qxd6 Bc7 19. Ne7+ Kh8 20. Qxf6 1-0

[Event "*** Titled Tuesday Blitz"]
[Site "Chess.com"]
[Date "2020.05.05"]
[Round "2"]
[White "wild_cat99"]
[Black "Bulldog167"]
[Result "0-1"]
[WhiteElo "2569"]
[BlackElo "2930"]
[TimeControl "180+1"]
[EndTime "10:15:10 PDT"]
[Termination "Bulldog167 won by resignation"]

1. Nf3 Nf6 2. c4 b6 3. Nc3 Bb7 4. b3 c5 5. Bb2 g6 6. g3 Bg7 7.
Bg2 O-O 8. O-O d5 9. cxd5 Nxd5 10. Qc2 Nc6 11. Nxd5 Qxd5 12. Bxg7 Kxg7 13. Rfd1 e5 14. e3 Rfd8 15. d4 cxd4 16. exd4 Nxd4 17. Rxd4 exd4 18. Rd1 Rac8 19. Qd3 Kg8 20. h4 Qe4 21. Qxe4 Bxe4 22. Rxd4 Bxf3 23. Rxd8+ Rxd8 24. Bxf3 Rd2 25. a4 Rd3 26.
Bc6 Rxb3 27. Kg2 a6 28. g4 b5 29. axb5 axb5 30. Bd5 Rc3 0-1

[Event "*** Titled Tuesday Blitz"]
[Site "Chess.com"]
[Date "2020.05.05"]
[Round "2"]
[White "Andreikka"]
[Black "RATNAKARAN"]
[Result "1-0"]
[WhiteElo "2963"]
[BlackElo "2583"]
[TimeControl "180+1"]
[EndTime "10:15:12 PDT"]
[Termination "Andreikka won by resignation"]

1. c4 e6 2. Nc3 Nf6 3. e4 d5 4.
cxd5 exd5 5. e5 Ne4 6. Nf3 Nxc3 7. dxc3 c6 8. Bd3 Qc7 9. Bf4 Bg4 10. h3 Nd7 11. hxg4 Nc5 12. Bc2 Qb6 13. b4 Ne6 14.
Be3 c5 15. Qxd5 Rd8 16. Ba4+ Ke7 17. Qe4 Qa6 18. Bb3 c4 19. Bxc4 Qa3 20. Rc1 h5 21. gxh5 1-0

[Event "*** Titled Tuesday Blitz"]
[Site "Chess.com"]
[Date "2020.05.05"]
[Round "2"]
[White "Sesleria"]
[Black "gui_borba"]
[Result "0-1"]
[WhiteElo "2059"]
[BlackElo "2372"]
[TimeControl "180+1"]
[EndTime "10:15:15 PDT"]
[Termination "gui_borba won by resignation"]

1. e4 c6 2. c4 d5 3. cxd5 cxd5 4. exd5 Nf6 5. Nc3 Nxd5 6. Bc4 e6 7. Nf3 Nc6 8. O-O Be7 9. d4 O-O 10. a3 Bf6 11. Re1 Nce7 12. Ne4 Nf5 13. Nxf6+ Qxf6 14. Ne5 Rd8 15. Qa4 Nb6 16. Qa5 Nxd4 0-1

[Event "*** Titled Tuesday Blitz"]
[Site "Chess.com"]
[Date "2020.05.05"]
[Round "2"]
[White "Frogo47"]
[Black "Chessalary"]
[Result "1-0"]
[WhiteElo "2414"]
[BlackElo "2166"]
[TimeControl "180+1"]
[EndTime "10:15:17 PDT"]
[Termination "Frogo47 won by resignation"]

1. e4 c5 2. Nf3 d6 3. d4 cxd4 4. Nxd4 Nf6 5. Nc3 a6 6. Bg5 e6 7. f4 Nbd7 8. Qf3 Qc7 9. O-O-O b5 10. a3 Bb7 11. Kb1 Be7 12. Bd3 O-O 13. Rhe1 Rac8 14. Qg3 Nc5 15. Qh4 Nxd3 16. Rxd3 Rfe8 17. Rg3 Kh8 18. Rh3 Kg8 19. e5 dxe5 20. fxe5 1-0

[Event "*** Titled Tuesday Blitz"]
[Site "Chess.com"]
[Date "2020.05.05"]
[Round "2"]
[White "dopolian"]
[Black "madalin18"]
[Result "1-0"]
[WhiteElo "2406"]
[BlackElo "2152"]
[TimeControl "180+1"]
[EndTime "10:15:22 PDT"]
[Termination "dopolian won by resignation"]

1. Nf3 Nf6 2. c4 g6 3. b3 Bg7 4. Bb2 O-O 5. g3 d6 6. Bg2 e5 7. O-O c6 8. d3 Bg4 9. Nbd2 Nbd7 10. Qc2 Re8 11. h3 Bf5 12. e4 Be6 13. d4 exd4 14.
Nxd4 Ne5 15. f4 Nh5 16. Kh2 Bc8 17. fxe5 Bxe5 18. Ne2 Qh4 19. Bxe5 1-0

[Event "*** Titled Tuesday Blitz"]
[Site "Chess.com"]
[Date "2020.05.05"]
[Round "2"]
[White "sm_sharon"]
[Black "Nikithebest"]
[Result "0-1"]
[WhiteElo "2214"]
[BlackElo "2452"]
[TimeControl "180+1"]
[EndTime "10:15:28 PDT"]
[Termination "Nikithebest won by resignation"]

1. e4 c5 2. Nf3 d6 3. d4 cxd4 4. Nxd4 Nf6 5. Nc3 g6 6. Be3 a6 7. f3 b5 8. a3 Bb7 9. Qd2 Nbd7 10. O-O-O Rc8 11. Kb1 Ne5 12. h4 h5 13. Be2 Bg7 14.
Rdg1 Qa5 15. g4 Nc4 16. Bxc4 Rxc4 17. g5 Nd7 18. Nd5 Qxd2 19. Bxd2 0-1

[Event "*** Titled Tuesday Blitz"]
[Site "Chess.com"]
[Date "2020.05.05"]
[Round "2"]
[White "starworld123"]
[Black "Richarzard69"]
[Result "1-0"]
[WhiteElo "2626"]
[BlackElo "2303"]
[TimeControl "180+1"]
[EndTime "10:15:30 PDT"]
[Termination "starworld123 won by resignation"]

1. e4 e6 2. d3 d5 3. Nd2 c5 4. g3 Nc6 5. Bg2 g6 6. Ngf3 Bg7 7. O-O Nge7 8. Re1 Qc7 9. Nf1 b5 10. h4 a5 11. Bf4 e5 12. exd5 exf4 13. dxc6 O-O 14. Ng5 h6 15. Ne4 Bxb2 16. Rb1 Bd4 17. c3 Bg7 18. Rxb5 c4 19. d4 Ba6 20. Rc5 Rad8 21. d5 Nf5 22. Qa4 Rfe8 23. Qxa5 fxg3 24. Qxc7 1-0

[Event "*** Titled Tuesday Blitz"]
[Site "Chess.com"]
[Date "2020.05.05"]
[Round "2"]
[White "EfrenRamos1"]
[Black "davidkalashian"]
[Result "0-1"]
[WhiteElo "2208"]
[BlackElo "2537"]
[TimeControl "180+1"]
[EndTime "10:15:30 PDT"]
[Termination "davidkalashian won by resignation"]

1. d4 Nf6 2. Nf3 e6 3. c4 b6 4.
g3 Ba6 5. Qc2 Bb4+ 6. Bd2 Be7 7.
Bg2 O-O 8. O-O c6 9. Bf4 d5 10.
Nbd2 Nbd7 11. Rfc1 Rc8 12. Qa4 Bxc4 13. Nxc4 b5 14.
Qxa7 bxc4 15. Qa4 Ne4 16. Nd2 Nxd2 17. Bxd2 Bf6 18. e3 c5 19. dxc5 Bxb2 20. c6 Nc5 21. Qb5 Bxc1 22. Rxc1 Nd3 23. Rb1 Qd6 0-1

[Event "*** Titled Tuesday Blitz"]
[Site "Chess.com"]
[Date "2020.05.05"]
[Round "2"]
[White "DenLaz"]
[Black "DrBergerBerger"]
[Result "1-0"]
[WhiteElo "2692"]
[BlackElo "2476"]
[TimeControl "180+1"]
[EndTime "10:15:33 PDT"]
[Termination "DenLaz won by resignation"]

1. d4 d5 2. c4 dxc4 3. Nf3 Nf6 4. e3 a6 5. Bxc4 e6 6. O-O c5 7. Bb3 Nbd7 8. e4 cxd4 9. e5 Ng4 10. Bf4 Be7 11. h3 g5 12. Bg3 Nh6 13. Nxd4 Nc5 14. Nc3 Nxb3 15. axb3 Bc5 16. Nf3 Qxd1 17. Rfxd1 Nf5 18.
Ne4 Nxg3 19. Nxc5 Ne2+ 20. Kf1 Nf4 21. Nxg5 Nxg2 22. Kxg2 Rg8 23. Ne4 1-0

[Event "*** Titled Tuesday Blitz"]
[Site "Chess.com"]
[Date "2020.05.05"]
[Round "2"]
[White "Matibar"]
[Black "Kostya26"]
[Result "1-0"]
[WhiteElo "2800"]
[BlackElo "2427"]
[TimeControl "180+1"]
[EndTime "10:15:35 PDT"]
[Termination "Matibar won by resignation"]

1. e4 c5 2. Ne2 Nc6 3. g3 g6 4. Bg2 Bg7 5. c3 d6 6. d4 cxd4 7. cxd4 Bg4 8. f3 Bd7 9. Nbc3 Nf6 10. Be3 a6 11. O-O O-O 12. Qd2 Rc8 13. Rac1 Na5 14.
b3 b5 15. e5 Ne8 16. f4 dxe5 17. dxe5 Bg4 18. Qxd8 Rxd8 19. Bb6 Bxe2 20. Bxd8 Bxf1 21.
Kxf1 b4 22. Nd5 e6 23. Ne7+ 1-0